 Dungeon Crawl Stone Soup version 0.19-a0-1021-g80cc50c (webtiles) character file.

7 rageheart7 the Sneak (level 2, 0/25 HPs)
             Began as a Naga Wanderer on July 26, 2016.
             Slain by a goblin
             ... wielding a +0 club
              (3 damage)
             ... on level 1 of the Dungeon.
             The game lasted 00:01:28 (290 turns).

rageheart7 the Sneak (Naga Wanderer)                 Turns: 290, Time: 00:01:28

Health: 0/25       AC:  1    Str: 14    XL:     2   Next: 4%
Magic:  6/6        EV:  9    Int: 12    God:
Gold:   19         SH:  0    Dex: 10    Spells: 0 memorised, 7 levels left

rFire  . . .     SeeInvis +     h - +0 hand axe
rCold  . . .     Gourm    .     d - +0 robe
rNeg   . . .     Faith    .     (no shield)
rPois  +         Spirit   .     (no helmet)
rElec  .         Dismiss  .     (no cloak)
rCorr  .         Reflect  .     (no gloves)
SustAt .         Harm     .     (no barding)
MR     .....                    (no amulet)
Stlth  ++........               (no ring)
                                (no ring)

@: very slow, not resistant to hostile enchantments, unstealthy
A: see invisible, deformed body, poison resistance, slowness 2, slow metabolism
1, spit poison 2, AC +0
a: Spit Poison


You were on level 1 of the Dungeon.
You were not hungry.

You visited 1 branch of the dungeon, and saw 1 of its levels.

You collected 19 gold pieces.

Inventory:

Hand Weapons
 h - a +0 hand axe (weapon)
Armour
 d - a +0 robe (worn)
Scrolls
 e - a scroll of noise {unknown}
Books
 a - a book of Minor Magic

   Spells                             Type                      Level
   a - Magic Dart                     Conjuration                  1
   b - Blink                          Translocation                2
   c - Call Imp                       Summoning                    2
   d - Repel Missiles                 Charms/Air                   2
   e - Slow                           Hexes                        2
   f - Conjure Flame                  Conjuration/Fire             3
   g - Mephitic Cloud                 Conjuration/Poison/Air       3
 b - the Volume of the Compass

   Spells                             Type                      Level
   a - Shroud of Golubria             Charms/Translocation         2
   b - Blink                          Translocation                2
Comestibles
 f - 2 chunks of flesh
 g - a bread ration


   Skills:
 * Level 1.5 Fighting
 * Level 0.2 Axes
 - Level 1.5 Armour
 + Level 3.6 Stealth
 - Level 3.0 Spellcasting
   Level 2.0 Necromancy


You had 7 spell levels left.
You didn't know any spells.

Dungeon Overview and Level Annotations

Branches:
Dungeon (1/15)

Altars:


Innate Abilities, Weirdness & Mutations

You cannot wear boots.
Your serpentine skin is tough. (AC +0)
You have supernaturally acute eyesight. (SInv)
Armour fits poorly on your strangely shaped body.
Your system is resistant to poisons. (rPois)
You cover ground very slowly.
You have a slow metabolism.
You can spit poison.


Message History

The goblin barely misses you.
You closely miss the goblin. The gnoll barely misses you. The goblin hits you.
* * * LOW HITPOINT WARNING * * *
You see here 2 stones.
You are too injured to fight recklessly!
The goblin hits you.
* * * LOW HITPOINT WARNING * * *
Things that are here:
3 stones; a kobold corpse You are too injured to fight recklessly!
You are too injured to fight recklessly!
You are too injured to fight recklessly!
You hit the goblin.
The goblin is heavily wounded.
The goblin barely misses you.
You barely miss the goblin.
The goblin is heavily wounded.
You closely miss the goblin. The goblin closely misses you.
The goblin hits you with a club.
You die...

# .. ## .. ####.. ..
.... .# ###.#####g.##.#
#....@gg).....#
#.....g###..#..
#......# # #......#
#########'#+####
###>##.........#
...###.........########
..#.##................
...# #.....รท.).###...


You could see a gnoll, a hobgoblin and 2 goblins.

Vanquished Creatures
  A giant gecko (D:1)
  A goblin (D:1)
  A bat (D:1)
  3 kobolds (D:1)
  2 rats (D:1)
8 creatures vanquished.

Notes
Turn   | Place    | Note
-------+----------+-------------------------------------------
     0 | D:1      | rageheart7 the Naga Wanderer began the quest for the Orb.
     0 | D:1      | rageheart7 set off with: a book of Minor Magic, the Volume of the Compass, a potion of curing, a +0 robe, a +0 club, a +0 dagger, a bread ration
     0 | D:1      | Reached XP level 1. HP: 18/18 MP: 4/4
     0 | D:1      | Identified the Volume of the Compass
   283 | D:1      | Reached XP level 2. HP: 19/25 MP: 6/6
   290 | D:1      | Slain by a goblin

Vault maps used:
D:1:      minmay_arrival_jagged, roderic_bipointed_swastika

Action                   || total
-------------------------++-------
Melee: Hand axe          ||    25
       Club              ||     8
  Use: Potion            ||     1
 Stab: Sleeping          ||     2
Armor: Robe              ||     6
Dodge: Dodged            ||    23
